 Dungeon Crawl Stone Soup version 0.28.0-62-gf88900778d (webtiles) character file.

Game seed: 10185890783536382418

2339 cbfl8 the Covert (level 9, -2/52 HPs)
             Began as a Kobold Brigand on June 24, 2023.
             Was an Initiate of Dithmenos.
             Slain by an orc warrior
             ... wielding a +0 halberd
              (15 damage)
             ... in a bailey.
             The game lasted 00:15:11 (10956 turns).

cbfl8 the Covert (Kobold Brigand)                  Turns: 10956, Time: 00:15:12

Health: -2/52      AC:  5    Str: 12    XL:     9   Next: 70%
Magic:  9/9        EV: 16    Int: 13    God:    Dithmenos [......]
Gold:   314        SH:  0    Dex: 16    Spells: 8/8 levels left

rFire   + . .      SeeInvis .   c - +0 rapier (elec)
rCold   x . .      Faith    .   (no shield)
rNeg    + . .      Spirit   .   n - +1 robe {rN+}
rPois   .          Reflect  .   t - +1 hat
rElec   .          Harm     .   r - +0 cloak
rCorr   .          Rampage  .   (no gloves)
Will    .....                   (no boots)
Stlth   ++++++....              m - amulet of the acrobat
HPRegen 0.17/turn               g - ring of fire
MPRegen 0.11/turn               (no ring)

@: no status effects
A: small, no large weapons, nightstalker 3
a: Renounce Religion


You were in a bailey.
You worshipped Dithmenos.
Dithmenos was noncommittal.
You visited 2 branches of the dungeon, and saw 8 of its levels.
You also visited: Bailey.

You collected 314 gold pieces.

Inventory:

Hand Weapons
 c - a +0 rapier of electrocution (weapon)
Missiles
 d - 11 poisoned darts
Armour
 n - a +1 robe of positive energy (worn)
 r - a +0 cloak (worn)
 t - a +1 hat (worn)
Jewellery
 g - a ring of fire (left hand)
 m - an amulet of the acrobat (around neck)
Wands
 o - a wand of iceblast (8)
 s - a wand of mindburst (8) (quivered)
Scrolls
 a - a scroll of holy word
 f - a scroll of magic mapping
 i - 3 scrolls of fear
 k - 2 scrolls of teleportation
Potions
 b - a potion of flight
 j - 2 potions of mutation {unknown}
 l - a potion of invisibility {unknown}
 p - 3 potions of curing
 q - 2 potions of haste {unknown}


   Skills:
 + Level 4.5 Fighting
 + Level 8.3 Short Blades
 + Level 3.1 Throwing
 + Level 4.0 Dodging
 * Level 12.3 Stealth
 * Level 5.7 Evocations


You had 8 spell levels left.
You didn't know any spells.
Your spell library contained the following spells:

 Spells                   Type           Power      Damage    Failure   Level
 Animate Dead             Necr           0%         N/A       97%         4
 Borgnjor's Vile Clutch   Necr/Erth      0%         N/A       100%        5
 Death Channel            Necr           0%         N/A       100%        6


Dungeon Overview and Level Annotations

Branches:
Dungeon (7/15)             Temple (1/1) D:7          Bailey (1/1)

Altars:
Cheibriados
Dithmenos
Elyvilon
Fedhas
Gozag
Kikubaaqudgha
Makhleb
Nemelex Xobeh
Okawaru
Qazlal
Ru
Sif Muna
Trog
Uskayaw
Vehumet
Wu Jian
Xom
Yredelemnul
Zin
The Shining One

Annotations:
D:4 2 transporters


Innate Abilities, Weirdness & Mutations

You are small and have problems with some larger weapons.
You are completely attuned to the shadows.


Message History

Things that are here:
a +0 halberd; a +0 chain mail You now have 314 gold pieces (gained 17).
Things that are here:
a +0 halberd; a +0 chain mail An orc warrior comes into view.
It is wielding a +0 halberd.
The orc warrior shouts!
The orc warrior completely misses you.
You closely miss the orc warrior. The orc warrior barely misses you.
You hit the orc warrior.
Lightning courses through the orc warrior!!
The orc warrior is almost dead.
The orc warrior hits you with a +0 halberd!!
You puncture the orc warrior!
You kill the orc warrior!
Dithmenos accepts your kill.
Your Throwing skill increases to level 3!
Your Dodging skill increases to level 4!
Things that are here:
a +0 halberd; a +0 ring mail You start resting.
HP restored.
Things that are here:
a +0 halberd; a +0 ring mail An orc warrior comes into view.
It is wielding a +0 halberd.
The orc warrior hits you with a +0 halberd!
The orc shouts!
You hit the orc warrior.
The orc warrior is lightly wounded.
The orc hits you but does no damage.
The orc warrior hits you with a +0 halberd!!
You are too injured to fight recklessly!
Aiming: Mindburst
Press: ? - help, Q - select action, (/) - cycle Shift-Dir - straight line, f - orc warrior
Aim: an orc warrior, wielding a +0 halberd and wearing a +0 ring mail (lightly wounded, chance to affect: 83%)
The orc warrior's mind is blasted!!
The orc hits you with a +0 trident.
* * * LOW HITPOINT WARNING * * *
The orc warrior hits you with a +0 halberd!
You die...

#≈..#.≈.≈≈)≈...≈)≈≈.≈
#≈..#.≈≈.≈.≈≈≈≈≈.≈.≈≈
#≈..##)≈.≈≈.....≈≈.≈.
#≈..⌠#.≈≈.≈≈≈.≈≈≈.≈≈.
#≈...#.)≈≈..≈.≈..≈≈..
#≈...#.⌠)≈≈≈...≈≈≈.⌠.
#≈...##....≈≈≈≈≈....#
#≈.o.o#####.....#####
#..@....⌠#######⌠...
##................).
##.................
#########+++######


You could see an orc warrior and an orc.

Vanquished Creatures
  Sigmund (D:6)
  Menkaure (D:6)
  2 ice beasts
  3 orc warriors (Bailey)
  A sky beast (D:6)
  2 phantoms
  4 centaurs
  2 bullfrogs (D:7)
  2 scorpions (D:6)
  3 water moccasin skeletons
  2 bullfrog zombies (D:5)
  A centaur zombie (D:5)
  2 hounds
  A centaur skeleton (D:5)
  2 orc priests (D:4)
  A jelly (D:4)
  A bullfrog skeleton (D:6)
  2 iguanas
  3 gnolls (D:5)
  A howler monkey skeleton (D:5)
  8 adders
  A white imp (D:7)
  2 ufetubi
  2 worms (D:3)
  5 dart slugs
  27 orcs
  5 bats
  8 endoplasms
  A giant cockroach (D:2)
  4 goblins
  10 hobgoblins
  7 jackals
  4 quokkas
  8 ball pythons
  2 frilled lizards
  12 kobolds
  10 rats
153 creatures vanquished.

Vanquished Creatures (others)
  5 fungi (D:3)
  8 plants (D:3)
13 creatures vanquished.

Grand Total: 166 creatures vanquished

Notes
Turn   | Place    | Note
-------+----------+-------------------------------------------
     0 | D:1      | cbfl8 the Kobold Brigand began the quest for the Orb.
     0 | D:1      | Reached XP level 1. HP: 12/12 MP: 1/1
   445 | D:1      | Reached XP level 2. HP: 17/17 MP: 2/2
   720 | D:1      | Reached skill level 6 in Stealth
  1131 | D:1      | Reached XP level 3. HP: 21/21 MP: 3/3
  1246 | D:2      | Reached skill level 1 in Evocations
  1852 | D:2      | Reached XP level 4. HP: 26/26 MP: 4/4
  1867 | D:2      | Reached skill level 7 in Stealth
  3398 | D:4      | Reached XP level 5. HP: 20/31 MP: 5/5
  3945 | D:3      | Noticed an ice beast
  3952 | D:3      | Killed an ice beast
  3953 | D:3      | Reached skill level 8 in Stealth
  3953 | D:3      | Reached XP level 6. HP: 26/36 MP: 6/6
  4327 | D:3      | Found a faded altar of an unknown god.
  4692 | D:4      | Found a transporter.
  4721 | D:4      | Found a transporter.
  4731 | D:4      | Noticed a kobold demonologist
  4890 | D:4      | Identified the +9 scythe of the Heavens {drain, Drain rElec
                  | rF+ Dex+4}
  4899 | D:4      | Reached skill level 9 in Stealth
  4899 | D:4      | Reached XP level 7. HP: 40/40 MP: 7/7
  6350 | D:5      | Entered Level 5 of the Dungeon
  6574 | D:5      | Reached skill level 5 in Short Blades
  6585 | D:5      | Reached skill level 10 in Stealth
  6658 | D:5      | Reached XP level 8. HP: 42/46 MP: 8/8
  8274 | D:6      | Noticed Sigmund
  8278 | D:6      | Killed Sigmund
  8279 | D:6      | Reached skill level 11 in Stealth
  8348 | D:6      | Noticed Menkaure
  8354 | D:6      | Killed Menkaure
  8355 | D:6      | Reached XP level 9. HP: 30/52 MP: 9/9
  8699 | D:6      | Reached skill level 5 in Evocations
  9365 | D:7      | Found a staircase to the Ecumenical Temple.
  9371 | Temple   | Entered the Ecumenical Temple
  9898 | Temple   | Became a worshipper of Dithmenos the Shadowed
  9954 | D:7      | Found a flagged portal.
  9988 | Bailey   | Entered a bailey
 10408 | Bailey   | Reached skill level 12 in Stealth
 10956 | Bailey   | Slain by an orc warrior

Illustrated notes

Levels and vault maps discovered:
D:1:      psy_arrival_heroes, layout_basic
D:2:      layout_basic, serial_glass, glass_columns_b, glass_columns_a,
          roderic_three_in_a_row
D:3:      layout_basic, shapermc_ecumenical_altar_mp_urbaneastern
D:4:      gammafunk_wand_slinger, layout_basic, minmay_checkerbox
D:5:      wander_river, layout_basic
D:6:      layout_layer_cave, uniq_menkaure, uniq_sigmund
D:7:      nzn_winding_woodlands_stair_cross [nzn_winding_woodlands_5x15_pool,
          nzn_winding_woodlands_center_lodge,
          nzn_winding_woodlands_5x15_pathside_ponds,
          nzn_winding_woodlands_hourglass,
          nzn_winding_woodlands_5x5_closed_star,
          nzn_winding_woodlands_5x15_crooked,
          nzn_winding_woodlands_center_pierced_h,
          nzn_winding_woodlands_5x15_jagged], layout_loops_cross,
          minmay_temple_entry_enclosed_plants, enter_bailey_1, serial_shops,
          shop, nzn_random_ring
Temple:   mainiacjoe_temple_cubbyholes
Bailey:   bailey_polearm_flooded_kennysheep, bailey

Skill      XL: |  1  2  3  4  5  6  7  8  9 |
---------------+----------------------------+-----
Stealth        | 6 7 8 9 10 11 12 | 12.3
Evocations     | 1 2 3 4 5 |  5.7
Short Blades   | 3 4 5 7 8 |  8.3
Dodging        | 2 3 4 |  4.0
Fighting       | 3 4 |  4.5
Throwing       | 3 |  3.1

Action                   |  1- 3 |  4- 6 |  7- 9 || total
-------------------------+-------+-------+-------++-------
Melee: Dagger            |    99 |    64 |    19 ||   182
       Punch             |     1 |       |     3 ||     4
       Short sword       |       |    79 |       ||    79
       Rapier            |       |       |   193 ||   193
Throw: Dart              |       |       |    39 ||    39
Evoke: Wand              |       |       |     7 ||     7
  Use: Potion            |       |     3 |       ||     3
       Scroll            |       |     2 |     8 ||    10
 Stab: Sleeping          |    15 |    21 |    20 ||    56
       Distracted        |     1 |     1 |     1 ||     3
Armor: Robe              |    12 |     5 |     5 ||    22
       Leather armour    |       |     9 |    23 ||    32
Dodge: Dodged            |    57 |   116 |   163 ||   336
